 Dungeon Crawl Stone Soup version 0.25.1-2-g60ff931df9 (webtiles) character file.

Game seed: 9725445499842310142

5015 gruber the Cleaver (level 10, 0/81 HPs)
             Began as a Deep Dwarf Fighter on Sept 27, 2020.
             Was a Believer of Makhleb.
             Shot with a bolt by an orc warrior (7 damage)
             ... in a bailey.
             The game lasted 00:09:44 (6213 turns).

gruber the Cleaver (Deep Dwarf Fighter)             Turns: 6213, Time: 00:09:45

Health: 0/81       AC:  9    Str: 30    XL:     10   Next: 30%
Magic:  5/5        EV: 16    Int:  8    God:    Makhleb [**....]
Gold:   703        SH: 12    Dex: 18    Spells: 9/9 levels left

rFire    . . .     SeeInvis .   F - +9 whip of Harmony {vorpal, *Rage Fragile rPois Str+6}
rCold    . . .     Gourm    .   c - +0 kite shield
rNeg     . . .     Faith    .   b - +0 scale mail
rPois    +         Spirit   .   (no helmet)
rElec    .         Reflect  .   q - +0 cloak
rCorr    .         Harm     .   (no gloves)
MR       +....     Rnd*Rage +   (no boots)
Stlth    ..........             (no amulet)
HPRegen  0.00/turn              y - +6 ring of dexterity
MPRegen  0.09/turn              E - +4 ring of evasion

@: berserk cooldown, non-regenerating, slowed, very slow
A: damage resistance, heal wounds, sense surroundings 2, no regeneration
a: Heal Wounds, Minor Destruction, Renounce Religion


You were in a bailey.
You worshipped Makhleb.
Makhleb was pleased with you.
You were not hungry.

You visited 2 branches of the dungeon, and saw 10 of its levels.
You also visited: Ossuary and Bailey.

You collected 729 gold pieces.
You spent 26 gold pieces at shops.

Inventory:

Hand Weapons
 a - a +0 war axe
 F - the +9 whip of Harmony (weapon) {vorpal, *Rage Fragile rPois Str+6}
   (You found it on level 4 of the Dungeon)

   It inflicts extra damage upon your enemies.
   It affects your strength (+6).
   It protects you from poison.
   It may make you go berserk in combat.
   It will be destroyed if unequipped.
Missiles
 m - 3 atropa-tipped darts (quivered)
Armour
 b - a +0 scale mail (worn)
 c - a +0 kite shield (worn)
 q - a +0 cloak (worn)
Jewellery
 y - a +6 ring of dexterity (left hand)
 E - a +4 ring of evasion (right hand)
 N - an uncursed ring of ice
Wands
 D - a wand of enslavement (10)
 G - a wand of acid (8)
 H - a wand of flame (32)
 L - a wand of paralysis (8)
Scrolls
 g - 4 scrolls of fog {unknown}
 h - 9 scrolls of identify
 i - 5 scrolls of magic mapping {unknown}
 j - 4 scrolls of teleportation {unknown}
 k - 2 scrolls of remove curse {unknown}
 o - 4 scrolls of amnesia {unknown}
 p - a scroll of blinking {unknown}
 u - 3 scrolls of enchant weapon {unknown}
 v - 2 scrolls of immolation {unknown}
 A - a scroll of acquirement {unknown}
 B - a scroll of enchant armour {unknown}
 C - a scroll of fear {unknown}
 I - a scroll of summoning {unknown}
 M - a scroll of random uselessness {unknown}
Potions
 d - 4 potions of might
 e - 3 potions of flight {unknown}
 l - 2 potions of haste {unknown}
 n - a potion of invisibility {unknown}
 r - 6 potions of heal wounds
 s - 4 potions of curing {unknown}
 t - 5 potions of mutation {unknown}
 w - a potion of brilliance {unknown}
 x - 2 potions of degeneration {unknown}
 z - a potion of cancellation {unknown}
 J - a potion of resistance {unknown}
 O - a potion of lignification {unknown}
Comestibles
 f - 16 rations
 K - 11 chunks of flesh


   Skills:
 - Level 2.6 Fighting
 - Level 12.6 Axes
 + Level 8.0 Armour
 + Level 4.8 Dodging
 + Level 6.9 Shields


You had 9 spell levels left.
You didn't know any spells.
Your spell library contained the following spells:

 Spells                   Type           Power        Failure   Level  Hunger
 Animate Skeleton         Necr           N/A          93%         1    ##.....
 Apportation              Tloc           #.....       93%         1    ##.....
 Corona                   Hex            #......      93%         1    ##.....
 Freeze                   Ice            #...         93%         1    ##.....
 Magic Dart               Conj           #...         93%         1    ##.....
 Sandblast                Erth           #.....       93%         1    ##.....
 Sting                    Tmut/Pois      #...         93%         1    ##.....
 Summon Small Mammal      Summ           #...         93%         1    ##.....
 Ensorcelled Hibernation  Hex/Ice        #.....       98%         2    ###....
 Passwall                 Tmut/Erth      #.......     98%         2    ###....
 Poisonous Vapours        Pois/Air       #.....       98%         2    ###....
 Searing Ray              Conj           #.....       98%         2    ###....
 Confusing Touch          Hex            #.......     100%        3    ####...
 Dazzling Flash           Conj/Hex       #.....       100%        3    ####...
 Frozen Ramparts          Ice            #.....       100%        3    ####...
 Ignite Poison            Fire/Tmut/Pois #.......     100%        3    ####...
 Mephitic Cloud           Conj/Pois/Air  #.......     100%        3    ####...
 Ozocubu's Armour         Chrm/Ice       #.......     100%        3    ####...
 Stone Arrow              Conj/Erth      #.....       100%        3    ####...
 Tukima's Dance           Hex            #.......     100%        3    ####...
 Fulminant Prism          Conj/Hex       #.........   100%        4    #####..
 Hailstorm                Conj/Ice       #.......     100%        4    #####..
 Iskenderun's Mystic Bla  Conj/Tloc      #.......     100%        4    #####..
 Olgreb's Toxic Radiance  Pois           #.......     100%        4    #####..
 Petrify                  Tmut/Erth      #.......     100%        4    #####..
 Summon Ice Beast         Ice/Summ       #.......     100%        4    #####..
 Lee's Rapid Deconstruct  Erth           #.........   100%        5    ######.


Dungeon Overview and Level Annotations

Branches:
Dungeon (9/15)             Temple (1/1) D:4            Lair (0/6) D:9
    Orc (0/2) D:9         Ossuary (visited)          Bailey (1/1)

Altars:
Ashenzari
Cheibriados
Elyvilon
Fedhas
Gozag
Hepliaklqana
Kikubaaqudgha
Makhleb
Nemelex Xobeh
Okawaru
Qazlal
Ru
Sif Muna
Trog
Uskayaw
Vehumet
Wu Jian
Xom
Zin
The Shining One

Shops:
D:4 [   D:9 *


Innate Abilities, Weirdness & Mutations

You are resistant to damage.
You can heal yourself by infusing magical energy.
You passively map the area around you.
You do not regenerate.


Message History

2 orc warriors come into view.
The orc warrior shouts! x2
The orc warrior shoots a bolt.
The bolt misses you.
The orc knight roars a battlecry!
The orc knight goes into a battle-frenzy!
The orc warrior shoots a bolt.
The bolt hits you!
The orc warrior shoots a bolt.
You block the bolt.
The orc warrior shoots a bolt.
The bolt hits you!
You see here 3 bolts.
Unknown command.
The orc warrior shoots a bolt.
You block the bolt.
The orc warrior shoots a bolt.
You block the bolt.
You see here 2 bolts.
The orc warrior shoots a bolt.
The bolt hits you!!
* * * LOW HITPOINT WARNING * * *
You block the orc warrior's attack.
There is an empty arch of ancient stone, spattered with blood here.
You see here a bolt.
The orc warrior shoots a bolt.
The bolt hits you!
You die...

*
####*##∩##*####*
* ,,
....##...##....,
*,, * ,
,,≈≈≈..#...#.o≈≈≈
,≈≈o≈≈.......≈≈o≈
,*,, , ,
≈.oo≈.......≈oo.
≈o≈≈..o(.o.≈≈o≈ *
, ,
≈≈≈..#((.#..≈≈≈,
,,,** o.. *#.(.#
.o. ,, ** # *
##@## #* * * ###
*


You could see 3 orc warriors.

Vanquished Creatures
  A two-headed ogre (D:9)
  A troll (D:9)
  A hippogriff (D:7)
  Sigmund (D:3)
  2 hungry ghosts
  Menkaure (D:6)
  2 wargs (D:9)
  A sky beast (D:5)
  2 black bears
  2 orc warriors (D:9)
  2 ice beasts
  A phantom (D:4)
  A necrophage (D:6)
  2 ogres
  2 centaurs
  A big kobold (D:9)
  2 bullfrogs
  2 wyvern skeletons
  2 scorpions (D:9)
  A water moccasin skeleton (D:8)
  8 wights
  A howler monkey (D:8)
  4 crimson imps
  A bullfrog zombie (D:6)
  3 hounds
  A centaur skeleton (D:9)
  7 orc priests
  An iguana (D:8)
  7 orc wizards
  7 worker ants
  2 hound skeletons
  9 mummies
  6 adders
  3 shadow imps
  3 oozes
  4 adder skeletons
  An adder zombie (D:8)
  2 worms
  A dart slug (D:3)
  8 leopard geckos
  26 orcs
  13 giant cockroaches
  A gnoll zombie (Ossuary)
  9 goblins
  2 hobgoblins
  14 jackals
  2 quokkas
  A ball python (D:1)
  9 bats
  3 frilled lizards
  3 hobgoblin zombies (Ossuary)
  10 kobolds
  4 kobold zombies
  A leopard gecko skeleton (D:4)
  2 orc zombies (Ossuary)
  12 rats
221 creatures vanquished.

Notes
Turn   | Place    | Note
-------+----------+-------------------------------------------
     0 | D:1      | gruber the Deep Dwarf Fighter began the quest for the Orb.
     0 | D:1      | Reached XP level 1. HP: 20/20 MP: 1/1
   448 | D:1      | Reached skill level 3 in Axes
   478 | D:1      | Reached XP level 2. HP: 27/27 MP: 2/2
  1028 | D:2      | Found a white marble altar of Elyvilon.
  1041 | D:2      | Reached XP level 3. HP: 29/33 MP: 3/3
  1094 | D:2      | Reached skill level 4 in Axes
  1657 | D:3      | Reached XP level 4. HP: 33/40 MP: 4/4
  1873 | D:3      | Found a shattered altar of Ashenzari.
  1890 | D:3      | Reached skill level 5 in Axes
  1892 | D:3      | Noticed Sigmund
  1935 | D:3      | Reached skill level 6 in Axes
  1935 | D:3      | Reached XP level 5. HP: 36/46 MP: 4/4
  1940 | D:3      | Killed Sigmund
  1940 | D:3      | Reached skill level 7 in Axes
  1940 | D:3      | Reached XP level 6. HP: 36/55 MP: 5/5
  2323 | D:4      | Reached skill level 8 in Axes
  2398 | D:4      | Reached XP level 7. HP: 33/61 MP: 6/6
  2552 | D:4      | Found a sand-covered staircase.
  2566 | Ossuary  | Entered an ossuary
  2612 | Ossuary  | Reached skill level 9 in Axes
  2936 | D:4      | Found Nineodgh's Antique Armour Boutique.
  2988 | D:4      | Found a burning altar of Makhleb.
  2999 | D:4      | Got a smoking whip
  3000 | D:4      | Identified the +9 whip of Harmony {vorpal, *Rage Fragile
                  | rPois Str+6} (You found it on level 4 of the Dungeon)
  3098 | D:4      | Found a staircase to the Ecumenical Temple.
  3116 | Temple   | Entered the Ecumenical Temple
  3207 | Temple   | Became a worshipper of Makhleb the Destroyer
  3265 | D:5      | Entered Level 5 of the Dungeon
  3391 | D:5      | Reached skill level 10 in Axes
  3521 | D:5      | Reached XP level 8. HP: 28/68 MP: 6/6
  3940 | D:5      | Found a hide-covered altar of Uskayaw.
  4110 | D:6      | Reached skill level 11 in Axes
  4184 | D:6      | Noticed Menkaure
  4187 | D:6      | Killed Menkaure
  4238 | D:6      | Reached * piety under Makhleb
  4322 | D:6      | Reached skill level 12 in Axes
  4543 | D:6      | Found an iron altar of Okawaru.
  4545 | D:6      | Found an opulent altar of Gozag.
  4547 | D:6      | Found a glowing silver altar of Zin.
  4809 | D:7      | Gained mutation: You passively map the area around you.
                  | [Deep Dwarf growth]
  4809 | D:7      | Reached XP level 9. HP: 42/74 MP: 4/4
  5240 | D:8      | Reached skill level 1 in Dodging
  5389 | D:8      | Reached skill level 5 in Armour
  5754 | D:9      | Found a flagged portal.
  5763 | D:9      | Reached ** piety under Makhleb
  5776 | D:9      | Noticed a two-headed ogre
  5784 | D:9      | Killed a two-headed ogre
  5784 | D:9      | Reached skill level 5 in Shields
  5795 | D:9      | Reached XP level 10. HP: 66/81 MP: 5/5
  5810 | D:9      | Found a staircase to the Lair.
  6051 | D:9      | Found a staircase to the Orcish Mines.
  6140 | D:9      | Found Folenam's General Store.
  6170 | D:9      | Bought a scroll of identify for 26 gold pieces
  6208 | Bailey   | Entered a bailey
  6208 | Bailey   | Noticed an orc knight
  6209 | Bailey   | Noticed an orc knight
  6213 | Bailey   | Shot with a bolt by an orc warrior

Illustrated notes

Levels and vault maps discovered:
D:1:      saegor_arrival_under_anarchy, layout_loops_corners
D:2:      layout_loops_ring, elyvilon_altar_1
D:3:      layout_loops_ring, nicolae_ashenzari_panopticon, uniq_sigmund
D:4:      layout_rooms, minmay_temple_entry_offerings, first_ration,
          gup_sewer_entry_pipe, nicolae_ossuary_entry_giza, serial_shops, shop,
          bloody_makhleb
D:5:      layout_basic, kennysheep_mini_moat
D:6:      layout_basic, grunt_temple_overflow_open, hex_large, uniq_menkaure
D:7:      layout_gridville
D:8:      layout_cave_pools
D:9:      layout_roguey, erik_lair_orcish_takeover, orc_0_dummy, enter_bailey_2,
          serial_shops, shop, hangedman_ranch [blue_anna_fruit_fields]
Temple:   eino_narrow_crystal_temple
Bailey:   bailey_polearm_4, bailey

Skill      XL: |  1  2  3  4  5  6  7  8  9 10 |
---------------+-------------------------------+-----
Axes           | 3 4 6 7 8 10 12 | 12.6
Armour         | 7 8 |  8.0
Dodging        | 4 |  4.8
Shields        | 5 6 |  6.9
Fighting       | |  2.6

Action                   |  1- 3 |  4- 6 |  7- 9 | 10-12 || total
-------------------------+-------+-------+-------+-------++-------
Melee: War axe           |   157 |   118 |    99 |       ||   374
       Whip              |       |       |   226 |    97 ||   323
 Abil: Heal Wounds       |       |     5 |    11 |       ||    16
Evoke: Wand              |       |       |     2 |       ||     2
  Use: Scroll            |       |       |       |     1 ||     1
  Eat: Chunk             |     3 |     2 |    13 |     3 ||    21
Armor: Scale mail        |   101 |    62 |    75 |    18 ||   256
Dodge: Dodged            |    47 |    35 |    62 |    24 ||   168
Block: Kite shield       |   105 |    63 |   123 |    57 ||   348
